[Event "*** SCC Grand Prix: Titled Tuesday Blitz"]
[Site "Chess.com"]
[Date "2020.07.21"]
[Round "10"]
[White "keepitcool9499"]
[Black "SantoBlue"]
[Result "1-0"]
[WhiteElo "2606"]
[BlackElo "2739"]
[TimeControl "180+1"]
[EndTime "11:58:08 PDT"]
[Termination "keepitcool9499 won by checkmate"]

1. d4 Nf6 2. c4 e6 3. Nc3 Bb4 4. Bd2 O-O 5. e3 b6 6. Nf3 Bb7 7. Qc2 Bxc3 8. Bxc3 Ne4 9. Bd3 f5 10. O-O Nxc3 11. Qxc3 Bxf3 12. gxf3 Qh4 13. Kh1 Qh3 14.
Be2 Nc6 15. Rg1 Qh6 16. Rg2 f4 17. Rag1 Rf7 18. d5 Ne7 19. dxe6 dxe6 20. c5 Nd5 21. Qe5 fxe3 22. fxe3 Nxe3 23. Rg5 Nd5 24. Bc4 Nf4 25.
R5g4 Raf8 26. cxb6 cxb6 27. R1g3 Kh8 28. Qd6 Nh5 29.
Rg1 Rxf3 30. Be2 Rf2 31. R4g2 Rxg2 32. Qxf8# 1-0

[Event "*** SCC Grand Prix: Titled Tuesday Blitz"]
[Site "Chess.com"]
[Date "2020.07.21"]
[Round "10"]
[White "TheWolfSpur"]
[Black "tylityli"]
[Result "1-0"]
[WhiteElo "2384"]
[BlackElo "2160"]
[TimeControl "180+1"]
[EndTime "11:58:09 PDT"]
[Termination "TheWolfSpur won by resignation"]

1. d4 Nf6 2. c4 e6 3. Nf3 Bb4+ 4. Nbd2 O-O 5. a3 Bxd2+ 6. Qxd2 d6 7. e3 b6 8. Be2 Bb7 9. O-O Ne4 10. Qc2 f5 11. b4 Nd7 12. Bb2 c5 13. Rad1 Qe7 14. Nd2 Ndf6 15.
Nxe4 Bxe4 16. Qc1 Bb7 17. f3 Rac8 18. dxc5 dxc5 19. b5 e5 20. Qc3 e4 21. f4 Rcd8 22. h3 h5 23. Qe5 Kf7 24. Qxf5 g6 25. Qg5 Rxd1 26. Rxd1 Rd8 27. Rxd8 Qxd8 28. f5 gxf5 29. Qxf5 h4 30. Bh5+ Kg7 31. Qg6+ 1-0

[Event "*** SCC Grand Prix: Titled Tuesday Blitz"]
[Site "Chess.com"]
[Date "2020.07.21"]
[Round "10"]
[White "Borsuk_Konstantin"]
[Black "imdvb6307"]
[Result "1-0"]
[WhiteElo "2565"]
[BlackElo "2414"]
[TimeControl "180+1"]
[EndTime "11:58:14 PDT"]
[Termination "Borsuk_Konstantin won by resignation"]

1. d4 d5 2. c4 c6 3. Nc3 Nf6 4. e3 e6 5. Nf3 Nbd7 6. Qc2 Bd6 7. Be2 O-O 8. O-O e5 9. cxd5 cxd5 10. dxe5 Nxe5 11.
Rd1 Bb8 12. Nxe5 Bxe5 13. h3 Be6 14. Bf3 Rc8 15. Qa4 a6 16. Bd2 Qb6 17. Rac1 Qc6 18. Qh4 Qb6 19. b3 h6 20. Na4 Qb5 21. Qb4 Ne4 22.
Bxe4 dxe4 23. Qxe4 Bb2 24. Nxb2 Qe2 25. Qf3 Rxc1 26.
Qxe2 1-0

[Event "*** SCC Grand Prix: Titled Tuesday Blitz"]
[Site "Chess.com"]
[Date "2020.07.21"]
[Round "10"]
[White "anon569"]
[Black "zaur-mammadov"]
[Result "0-1"]
[WhiteElo "2344"]
[BlackElo "2671"]
[TimeControl "180+1"]
[EndTime "11:58:15 PDT"]
[Termination "zaur-mammadov won by resignation"]

1. e4 e6 2. Nf3 d5 3. Nc3 Nf6 4.
e5 Nfd7 5. d4 c5 6. dxc5 Nc6 7.
Bf4 Bxc5 8. Bd3 f6 9. exf6 Nxf6 10. O-O O-O 11. Qd2 Bd7 12. Ne5 Nxe5 13. Bxe5 Ng4 14. Bg3 Qf6 15. Rae1 h5 16. h3 h4 17. Bf4 Qxf4 18.
Qxf4 Rxf4 19. hxg4 Raf8 20. Re2 Rxg4 21. Kh1 Rgf4 22. Nd1 R8f6 23. Kg1 Be8 24. Re5 Bd6 25. Re3 Bh5 26. Nc3 Bc5 27. Re2 Bxe2 0-1

[Event "*** SCC Grand Prix: Titled Tuesday Blitz"]
[Site "Chess.com"]
[Date "2020.07.21"]
[Round "10"]
[White "ljuks68"]
[Black "Skatchkov_V"]
[Result "0-1"]
[WhiteElo "2448"]
[BlackElo "2593"]
[TimeControl "180+1"]
[EndTime "11:58:21 PDT"]
[Termination "Skatchkov_V won by resignation"]

1. e4 e5 2. Nf3 Nf6 3. Nxe5 d6 4.
Nf3 Nxe4 5. d3 Nf6 6. d4 Be7 7. c4 O-O 8. Be2 Bg4 9. O-O c6 10. Nc3 Nbd7 11. Bf4 Re8 12. h3 Bh5 13. Re1 h6 14. Bd3 Nf8 15. g4 Bg6 16. Qd2 d5 17. c5 Bxd3 18. Qxd3 b6 19. b4 a5 20. a3 axb4 21. axb4 bxc5 22. bxc5 Rxa1 23. Rxa1 Ng6 24. Bg3 h5 25. g5 Nd7 26. h4 Ndf8 27. Ra7 Qc8 28. Qe2 Bxc5 29. dxc5 Rxe2 30. Nxe2 Ne6 31. Bd6 Nxc5 32. Bxc5 Qg4+ 33. Ng3 Qxf3 0-1

[Event "*** SCC Grand Prix: Titled Tuesday Blitz"]
[Site "Chess.com"]
[Date "2020.07.21"]
[Round "10"]
[White "LilRag"]
[Black "Gareth-Bale11"]
[Result "0-1"]
[WhiteElo "2496"]
[BlackElo "2688"]
[TimeControl "180+1"]
[EndTime "11:58:22 PDT"]
[Termination "Gareth-Bale11 won by resignation"]

1. d4 g6 2. e4 Bg7 3. Nc3 a6 4. a4 d6 5. Be3 Nc6 6. Nge2 e5 7. d5 Nce7 8. h3 f5 9. f3 Nf6 10. g4 h6 11. gxf5 gxf5 12. Rg1 Rg8 13. Qd3 f4 14.
Bf2 Nh5 15. h4 Kf7 16. Nc1 Bf6 17. Rxg8 Nxg8 18. Nb3 Bxh4 19. Qe2 Ng3 20. Bxg3 Bxg3+ 21. Kd2 h5 22. Qc4 h4 23. Nc1 Nf6 24. Nd3 Bd7 25.
b4 h3 26. Rb1 b6 27. Ne2 Nh5 28. b5 axb5 29. axb5 Kg7 30. Rb3 Nf6 31. Rc3 Ra7 32. Nb4 Qe8 33. Nc6 Ra1 34. Nc1 Be1+ 35. Kxe1 Rxc1+ 36.
Kd2 Ra1 37. Nb4 h2 38. Bg2 Rg1 39. Qe2 Qg6 40. Bh1 Rxh1 41. Rxc7 Rg1 42. Qxh2 0-1

[Event "*** SCC Grand Prix: Titled Tuesday Blitz"]
[Site "Chess.com"]
[Date "2020.07.21"]
[Round "10"]
[White "Nf3c5"]
[Black "Trickov"]
[Result "1-0"]
[WhiteElo "2555"]
[BlackElo "2381"]
[TimeControl "180+1"]
[EndTime "11:58:22 PDT"]
[Termination "Nf3c5 won on time"]

1. e4 c5 2. b3 Nc6 3. Bb2 d6 4. Bb5 Bd7 5. f4 a6 6. Bxc6 Bxc6 7. Nc3 e6 8. Qe2 Nf6 9. Nf3 Be7 10. e5 dxe5 11. Nxe5 Rc8 12. O-O-O O-O 13. Rhg1 b5 14.
g4 Nd5 15. Nxd5 Bxd5 16. g5 c4 17. Kb1 Qc7 18. Rc1 Qb7 19. Rg3 cxb3 20. axb3 Be4 21. Ng4 Bf5 22. Qe5 f6 23. gxf6 Bxf6 24. Nxf6+ Rxf6 25. Qxf6 1-0

[Event "*** SCC Grand Prix: Titled Tuesday Blitz"]
[Site "Chess.com"]
[Date "2020.07.21"]
[Round "10"]
[White "ShimanovAlex"]
[Black "ArjunErigaisi2003"]
[Result "1-0"]
[WhiteElo "2843"]
[BlackElo "3026"]
[TimeControl "180+1"]
[EndTime "11:58:23 PDT"]
[Termination "ShimanovAlex won by resignation"]

1. h4 e5 2. a4 d5 3. h5 f5 4. d4 e4 5. Bf4 c5 6. e3 Nc6 7. c3 Nf6 8. dxc5 Bxc5 9. Nd2 O-O 10. Nb3 Bd6 11. Ne2 Be6 12. Nbd4 Qd7 13. Bxd6 Qxd6 14.
Nf4 Bd7 15. Be2 Ne5 16. a5 a6 17. Qb3 Rab8 18. Qb6 Qe7 19. Rd1 Rfd8 20. Qb4 Qf7 21. Rd2 Nc6 22. Qb6 Ne5 23. Kd1 Nfg4 24. Bxg4 fxg4 25. b3 Bf5 26. Kc2 Nd3 27. Nxd3 exd3+ 28. Kb2 Rd7 29. f3 gxf3 30. gxf3 Re8 31. Rg1 Rxe3 32. Nxf5 d4 33. Nh6+ 1-0

[Event "*** SCC Grand Prix: Titled Tuesday Blitz"]
[Site "Chess.com"]
[Date "2020.07.21"]
[Round "10"]
[White "harlem4brew"]
[Black "PattyCastillo"]
[Result "1-0"]
[WhiteElo "2095"]
[BlackElo "1937"]
[TimeControl "180+1"]
[EndTime "11:58:26 PDT"]
[Termination "harlem4brew won by checkmate"]

1. d4 d5 2. Nf3 Nf6 3. c4 c6 4. Nc3 e6 5. Bf4 Bd6 6. Bxd6 Qxd6 7. c5 Qc7 8. e3 Nbd7 9. b4 e5 10.
b5 e4 11. Nd2 O-O 12. a4 Re8 13. Qb3 Nf8 14. a5 Bd7 15. b6 axb6 16. cxb6 Qd8 17. Qb4 Ng4 18. h3 Nh6 19. Nb3 Qg5 20. Nc5 Bc8 21. a6 bxa6 22. b7 Bxb7 23. Qxb7 Ng6 24. Rxa6 Rab8 25. Qxc6 Nh4 26. Qxd5 Nxg2+ 27. Kd1 Nxe3+ 28.
fxe3 Qxe3 29. N5xe4 Qf3+ 30. Kc2 Qxh1 31. Nf6+ gxf6 32.
Qxh1 Kf8 33. Rxf6 Ng8 34. Rxf7+ Kxf7 35. Bc4+ Ke7 36. Qe4+ Kd7 37. Qf5+ Kc7 38. Nd5+ Kb7 39. Qd7+ Ka8 40. Nc7+ Kb7 41. Nb5+ Kb6 42. Qc7+ Ka6 43. Qa7# 1-0

[Event "*** SCC Grand Prix: Titled Tuesday Blitz"]
[Site "Chess.com"]
[Date "2020.07.21"]
[Round "10"]
[White "ajian"]
[Black "viktorskliarov"]
[Result "0-1"]
[WhiteElo "2430"]
[BlackElo "2584"]
[TimeControl "180+1"]
[EndTime "11:58:27 PDT"]
[Termination "viktorskliarov won by resignation"]

1. Nf3 g6 2. c4 Bg7 3. g3 Nf6 4. Bg2 O-O 5. O-O c5 6. Nc3 Nc6 7. d3 d5 8. cxd5 Nxd5 9. Nxd5 Qxd5 10. Be3 Qh5 11. Qc2 Nd4 12. Nxd4 cxd4 13. Bd2 Bh3 14.
Bxh3 Qxh3 15. Qc7 b6 16. Rac1 Qe6 17. Rc2 Qxe2 18. Bg5 Qxd3 19. Bxe7 Rfe8 20. Rfc1 h5 21. Bg5 Qf3 22. Qd7 d3 23. Rd2 Re2 24. Be3 Rxe3 25. fxe3 Qxe3+ 26. Rf2 Qxc1+ 27. Kg2 Qc4 28. Rf4 Qe6 29.
Qxd3 Re8 0-1

[Event "*** SCC Grand Prix: Titled Tuesday Blitz"]
[Site "Chess.com"]
[Date "2020.07.21"]
[Round "10"]
[White "AwareIdea"]
[Black "michaelshahade"]
[Result "1-0"]
[WhiteElo "2463"]
[BlackElo "2040"]
[TimeControl "180+1"]
[EndTime "11:58:27 PDT"]
[Termination "AwareIdea won on time"]

1. d4 Nf6 2. Nc3 d5 3. Bf4 e6 4. Nf3 Bb4 5. a3 Bxc3+ 6. bxc3 O-O 7. e3 c5 8. Bd3 Qa5 9. O-O c4 10. Be2 Qxc3 11. Ne5 Nc6 12. Nxc6 bxc6 13. Bd6 Re8 14. Bb4 Qb2 15. Rb1 Qa2 16. Qc1 a5 17. Bc5 c3 18.
Bd3 Ba6 19. Qd1 Bxd3 20. Qxd3 Qc4 21. Qxc4 dxc4 22. Rb6 Rec8 23. f3 Nd7 24. Rb7 Nxc5 25. dxc5 Rab8 26. Rfb1 Rxb7 27. Rxb7 g5 28. Ra7 Kg7 29.
Rxa5 Kf6 30. Ra4 Ke5 31. Rxc4 Kd5 32. Rxc3 Ra8 33. Kf2 1-0

[Event "*** SCC Grand Prix: Titled Tuesday Blitz"]
[Site "Chess.com"]
[Date "2020.07.21"]
[Round "10"]
[White "Shubinkirill2003"]
[Black "Makswolf200817"]
[Result "0-1"]
[WhiteElo "2625"]
[BlackElo "2496"]
[TimeControl "180+1"]
[EndTime "11:58:28 PDT"]
[Termination "Makswolf200817 won by resignation"]

1. e4 c5 2. Nf3 e6 3. g3 b6 4. Bg2 Bb7 5. Nc3 d6 6. O-O Nf6 7. Re1 Nbd7 8. d4 cxd4 9. Nxd4 a6 10. a4 Qc7 11. Bg5 Be7 12. Qd2 h6 13. Be3 Ng4 14.
h3 Nxe3 15. Qxe3 O-O 16. Rad1 Ne5 17. Bf1 Bf6 18. f4 Nc4 19. Bxc4 Qxc4 20. e5 dxe5 21.
fxe5 Bg5 22. Qe2 Qc5 23. h4 Rfd8 24. Qf2 Be7 25. Kh2 Rd7 26. Rf1 Bf8 27. Qf4 Rad8 28. Nce2 Qd5 29. Rf2 Bc5 30. c3 a5 31. Qg4 Qxe5 32.
Rdf1 Qe4 33. Qh5 e5 0-1

[Event "*** SCC Grand Prix: Titled Tuesday Blitz"]
[Site "Chess.com"]
[Date "2020.07.21"]
[Round "10"]
[White "Lion-Al-Messi"]
[Black "Isajevsky_Anton"]
[Result "0-1"]
[WhiteElo "2428"]
[BlackElo "2580"]
[TimeControl "180+1"]
[EndTime "11:58:30 PDT"]
[Termination "Isajevsky_Anton won by resignation"]

1. d4 d5 2. Nf3 Nf6 3. Nc3 c6 4. Bg5 Qb6 5. Rb1 Nbd7 6. e3 g6 7. Bd3 Bg7 8. O-O O-O 9. e4 dxe4 10. Nxe4 Nxe4 11. Bxe4 Nf6 12. Bd3 Be6 13. c4 Rad8 14. b3 Bg4 15. Be3 Nh5 16. d5 Qc7 17. h3 Bc8 18. Be2 Nf4 19. Bxf4 Qxf4 20. Re1 e6 21. g3 Qc7 22. Bd3 exd5 23. c5 Bxh3 24. Ng5 Bc8 25. b4 Rfe8 26. Qf3 h6 0-1

[Event "*** SCC Grand Prix: Titled Tuesday Blitz"]
[Site "Chess.com"]
[Date "2020.07.21"]
[Round "10"]
[White "Gloomy_Wanderer"]
[Black "TargetA"]
[Result "1-0"]
[WhiteElo "2701"]
[BlackElo "2569"]
[TimeControl "180+1"]
[EndTime "11:58:31 PDT"]
[Termination "Gloomy_Wanderer won by resignation"]

1. d4 Nf6 2. Nf3 g6 3. c4 Bg7 4. g3 O-O 5. Bg2 d6 6. O-O Nc6 7. Nc3 Nd7 8. Bg5 h6 9. Bc1 e5 10. dxe5 dxe5 11. Rb1 Nc5 12. Be3 Ne6 13. b4 f5 14. b5 Ncd4 15. Bxd4 exd4 16. Nd5 c6 17. bxc6 bxc6 18. Nb4 Qd6 19. Nxc6 Qxc6 20. Nh4 Qxc4 21. Bxa8 Ba6 22. Bb7 Qxe2 23. Bxa6 Qxa6 24. Nxg6 Rd8 25. Ne7+ Kh8 26. Nxf5 Ng5 27. Nxg7 Qc6 28. f3 Kxg7 29. Qd3 Kg8 30. Rbc1 Qa8 31. Qg6+ Kh8 32. Qxh6+ Nh7 33. Rc7 1-0

[Event "*** SCC Grand Prix: Titled Tuesday Blitz"]
[Site "Chess.com"]
[Date "2020.07.21"]
[Round "10"]
[White "RestartingChess"]
[Black "Dauletova"]
[Result "1-0"]
[WhiteElo "2526"]
[BlackElo "2343"]
[TimeControl "180+1"]
[EndTime "11:58:34 PDT"]
[Termination "RestartingChess won by resignation"]

1. e4 e5 2. Nf3 Nc6 3. Bc4 Bc5 4. c3 Nf6 5. O-O Nxe4 6. d4 exd4 7. cxd4 Be7 8. d5 Na5 9. Bd3 Nc5 10. b4 Nxd3 11.
Qxd3 Bxb4 12. Bb2 f6 13. Qb5 Qe7 14. a3 Nb3 15. Ra2 a6 16. Qxb4 Qxb4 17. axb4 c5 18.
Ra3 c4 19. Nbd2 b5 20. Nxb3 cxb3 21. Rxb3 Bb7 22. d6 Kf7 23. Rc3 Rhc8 24. Rfc1 Bc6 25. Nd4 a5 26. bxa5 Rxa5 27. Nxc6 dxc6 28. Rxc6 Rxc6 29.
Rxc6 Ke6 30. g3 Ra2 31. Bc3 Rc2 32. Rc7 Kxd6 33. Be5+ fxe5 34. Rxc2 b4 35. Kf1 Kd5 36.
Ke2 Kd4 37. Kd2 b3 38. Rc3 b2 39.
Rb3 Ke4 40. f3+ Kf5 41. Rxb2 g5 42. Ke3 g4 43. fxg4+ Kxg4 44. Rb5 Kh3 45. Rxe5 Kxh2 46. Rh5+ Kxg3 47. Rxh7 Kg4 48. Rf7 Kg5 49. Rf4 Kg6 50.
Ke4 Kg5 51. Ke5 Kg6 52. Rf5 Kg7 53. Rf6 1-0

[Event "*** SCC Grand Prix: Titled Tuesday Blitz"]
[Site "Chess.com"]
[Date "2020.07.21"]
[Round "10"]
[White "Gerodot71"]
[Black "HanSchut"]
[Result "1-0"]
[WhiteElo "2415"]
[BlackElo "2309"]
[TimeControl "180+1"]
[EndTime "11:58:36 PDT"]
[Termination "Gerodot71 won by resignation"]

1. d4 Nf6 2. c4 g6 3. Nc3 d5 4. cxd5 Nxd5 5. e4 Nxc3 6. bxc3 Bg7 7. Nf3 c5 8. Bb5+ Nc6 9. Rb1 O-O 10. d5 Na5 11. O-O a6 12. Be2 b5 13. Be3 Qc7 14.
Qd2 Rd8 15. Rfd1 e6 16. d6 Qc6 17. e5 Bb7 18. Bf4 Qe4 19. Bd3 Qd5 20. Qe2 Qc6 21.
h4 h6 22. Qe3 Kh7 23. h5 Nc4 24. Qc1 Nxe5 25. Bxe5 Bxe5 26. hxg6+ fxg6 27. Bxg6+ Kg7 28. Qe3 Bf6 29. Bc2 Rxd6 30. Re1 Re8 31. Rbd1 Bg5 32. Qe5+ Bf6 33. Qxd6 Qxd6 34. Rxd6 Bxf3 35. gxf3 1-0

[Event "*** SCC Grand Prix: Titled Tuesday Blitz"]
[Site "Chess.com"]
[Date "2020.07.21"]
[Round "10"]
[White "Semen_Khanin"]
[Black "Witik"]
[Result "0-1"]
[WhiteElo "2746"]
[BlackElo "2641"]
[TimeControl "180+1"]
[EndTime "11:58:37 PDT"]
[Termination "Witik won by resignation"]

1. e4 c6 2. d4 d5 3. Nd2 dxe4 4. Nxe4 Nf6 5. Nxf6+ exf6 6. c3 Bd6 7. Bd3 O-O 8. Qc2 Re8+ 9. Ne2 h5 10. O-O h4 11.
Nf4 Nd7 12. Qd1 Nf8 13. Qh5 f5 14. g3 Bxf4 15. Bxf4 Ng6 16. Bg5 Qd5 17. Bxh4 Bd7 18. Bg5 c5 19. Be3 Bc6 20. f3 Rxe3 21. Bxf5 cxd4 22.
Bxg6 fxg6 23. Qxg6 Rxf3 24. Rxf3 Qxf3 25. Qe6+ Kh7 26. Qh3+ Kg6 27. Qe6+ Kh5 28. Qh3+ Kg5 29. Rf1 Qh1+ 30. Kf2 Rf8+ 31. Ke1 Qe4+ 0-1

[Event "*** SCC Grand Prix: Titled Tuesday Blitz"]
[Site "Chess.com"]
[Date "2020.07.21"]
[Round "10"]
[White "InitiatingASC"]
[Black "Munguntuul_B"]
[Result "1-0"]
[WhiteElo "2377"]
[BlackElo "2434"]
[TimeControl "180+1"]
[EndTime "11:58:38 PDT"]
[Termination "InitiatingASC won by resignation"]

1. c4 e6 2. g3 d5 3. Bg2 Nf6 4. Nf3 a6 5. cxd5 exd5 6. O-O Bd6 7. d3 O-O 8. b3 Nbd7 9. Bb2 Re8 10. Nbd2 h6 11. Rc1 b6 12. Re1 Bb7 13. Rc2 c5 14.
Qa1 Rc8 15. Nf1 d4 16. a3 Rc7 17. b4 Qa8 18. bxc5 bxc5 19. Rec1 Rcc8 20. Nh4 Bxg2 21. Nxg2 Ne5 22. Nd2 Nd5 23. Ne4 Bf8 24. Nxc5 Bxc5 25. Rxc5 Rxc5 26. Rxc5 Nd7 27. Rc2 Nc3 28.
Bxc3 dxc3 29. Qxc3 Qd5 30. Ne3 Qb7 31. Qc7 Qb5 32. Qc6 Ne5 33. Qxb5 axb5 34. Rc5 1-0

[Event "*** SCC Grand Prix: Titled Tuesday Blitz"]
[Site "Chess.com"]
[Date "2020.07.21"]
[Round "10"]
[White "profofchess"]
[Black "LedakovAlexandr"]
[Result "0-1"]
[WhiteElo "2351"]
[BlackElo "2486"]
[TimeControl "180+1"]
[EndTime "11:58:38 PDT"]
[Termination "LedakovAlexandr won on time"]

1. e4 Nc6 2. Nf3 d6 3. Nc3 g6 4. d4 Bg7 5. d5 Nb8 6. Nd4 Nf6 7. Bb5+ Nfd7 8. O-O a6 9. Be2 O-O 10. Be3 Nc5 11.
f4 e6 12. b4 Nxe4 13. Nxe4 exd5 14. Ng5 h6 15. Ngf3 c5 16. bxc5 dxc5 17. Nb3 d4 18. Bf2 b6 19. a4 Nd7 20. f5 g5 21. h4 g4 22. Nfd2 h5 23. Bg3 Bb7 24. Nc4 Bd5 25.
Kh1 Bf6 26. Qe1 Re8 27. Nd6 Re3 28. Bf2 Re7 29. Qd2 Ne5 0-1

[Event "*** SCC Grand Prix: Titled Tuesday Blitz"]
[Site "Chess.com"]
[Date "2020.07.21"]
[Round "10"]
[White "Munkhzul_Turmunkh"]
[Black "Bulldog167"]
[Result "0-1"]
[WhiteElo "2613"]
[BlackElo "2748"]
[TimeControl "180+1"]
[EndTime "11:58:39 PDT"]
[Termination "Bulldog167 won by resignation"]

1. e4 e6 2. d4 d5 3. exd5 exd5 4. Bd3 Nc6 5. c3 Bd6 6. Ne2 Qf6 7. Be3 Nge7 8. Nd2 Nf5 9. Bf4 Nh4 10. O-O Bxf4 11.
Nxf4 Qxf4 12. g3 Qxd2 13. Re1+ Be6 14. Qh5 O-O-O 15. Rad1 Qh6 16. Qxh4 Qxh4 17. gxh4 Rde8 18. Kg2 h5 19. f3 g6 20. Kg3 Ne7 21. Kf4 Bf5 22. Bb5 c6 23. Bf1 f6 24. Re3 Kd7 25.
Rde1 Nc8 26. b4 Rxe3 27. Rxe3 Re8 28. a4 Rxe3 29. Kxe3 g5 30. hxg5 fxg5 31. Kf2 Nd6 32. Kg3 h4+ 33. Kf2 b6 34. Ke3 a5 35.
bxa5 bxa5 0-1

[Event "*** SCC Grand Prix: Titled Tuesday Blitz"]
[Site "Chess.com"]
[Date "2020.07.21"]
[Round "10"]
[White "chessfrendz"]
[Black "romulocardoso"]
[Result "0-1"]
[WhiteElo "2239"]
[BlackElo "2152"]
[TimeControl "180+1"]
[EndTime "11:58:41 PDT"]
[Termination "romulocardoso won by checkmate"]

1. e4 c5 2. Nf3 d6 3. d4 cxd4 4. Nxd4 Nf6 5. Nc3 g6 6. Be3 Bg7 7. f3 O-O 8. Bc4 Nc6 9. Qd2 Bd7 10. O-O-O Rc8 11. Bb3 Ne5 12. h4 h5 13. Bh6 a5 14. a4 Nc4 15. Bxc4 Rxc4 16. Bxg7 Kxg7 17.
b3 Rc8 18. Nd5 Nxd5 19. exd5 b5 20. axb5 Qb6 21. Kb2 Bxb5 22. Nf5+ gxf5 23. Qg5+ Kh7 24. Qxh5+ Kg7 25. Qg5+ Kh8 26. Rh3 Qf2 27. Rd2 Rxc2+ 28. Kxc2 Rc8+ 29. Kb2 Qe1 30. Qh5+ Kg8 31. Qg5+ Kf8 32.
Rc2 Qe5+ 33. Kb1 Bd3 34. Qh6+ Ke8 35. Qd2 Rxc2 36. Qxd3 Qb2# 0-1

[Event "*** SCC Grand Prix: Titled Tuesday Blitz"]
[Site "Chess.com"]
[Date "2020.07.21"]
[Round "10"]
[White "tlomigtlis"]
[Black "natelleka"]
[Result "0-1"]
[WhiteElo "2376"]
[BlackElo "2192"]
[TimeControl "180+1"]
[EndTime "11:58:45 PDT"]
[Termination "natelleka won by checkmate"]

1. d4 d5 2. c4 c5 3. Nf3 cxd4 4. Nxd4 Nf6 5. Bf4 dxc4 6. Nc3 a6 7. e3 Nbd7 8. Bxc4 e5 9. Bxf7+ Kxf7 10. Qb3+ Ke8 11.
Nf5 Qb6 12. Nd5 Qxb3 13. axb3 Nxd5 14. Bg5 Nc5 15. Rc1 Nd3+ 16. Kd2 Nxc1 17. Rxc1 Bxf5 18.
f3 Bb4+ 19. Ke2 Rc8 20. Rd1 Be6 21. e4 Nf6 22. Rd3 Kf7 23. Bd2 Bxd2 24. Kxd2 Rhd8 25.
Ke3 Rxd3+ 26. Kxd3 Bxb3 27. Kd2 Rc2+ 28. Kd3 Rxg2 29. f4 exf4 30. e5 Rxh2 31. exf6 Kxf6 32. Ke4 Rxb2 33. Kxf4 Rc2 34. Kg4 Rc6 35. Kh5 Be6 36. Kh4 Rc3 37. Kh5 Rh3# 0-1

[Event "*** SCC Grand Prix: Titled Tuesday Blitz"]
[Site "Chess.com"]
[Date "2020.07.21"]
[Round "10"]
[White "rududuyk"]
[Black "politeplayer"]
[Result "0-1"]
[WhiteElo "2062"]
[BlackElo "2187"]
[TimeControl "180+1"]
[EndTime "11:58:45 PDT"]
[Termination "politeplayer won on time"]

1. e4 c5 2. Nc3 a6 3. g3 b5 4. Bg2 Bb7 5. d3 e6 6. f4 Nf6 7.
Nf3 d6 8. O-O Qc7 9. f5 e5 10.
Ng5 Be7 11. g4 h5 12. gxh5 Nxh5 13. Qg4 Nd7 14. Nxf7 Kxf7 15. Qg6+ Kf8 16. f6 Nhxf6 17. Bg5 Qd8 18. Rf2 Qe8 19. Qf5 Qh5 20. h3 Bc8 21. Nd5 Kg8 22. Nxe7+ Kf7 23. Nxc8 Rhxc8 24. Raf1 Ke7 25. Bf3 Qf7 26. Bg4 Ra7 27. Bxf6+ gxf6 28. Qf3 Rg8 0-1

[Event "*** SCC Grand Prix: Titled Tuesday Blitz"]
[Site "Chess.com"]
[Date "2020.07.21"]
[Round "10"]
[White "Jbd735"]
[Black "Khazieva_Elza"]
[Result "1-0"]
[WhiteElo "2473"]
[BlackElo "2356"]
[TimeControl "180+1"]
[EndTime "11:58:48 PDT"]
[Termination "Jbd735 won by checkmate"]

1. e4 c5 2. Nf3 d6 3. d4 cxd4 4. Nxd4 Nf6 5. Nc3 Nc6 6. Bc4 e5 7. Nf5 Bxf5 8. exf5 Qd7 9. Bg5 Qxf5 10. Bxf6 Qxf6 11. Nd5 Qd8 12. c3 Be7 13. g4 O-O 14. Qf3 Bh4 15. O-O-O Rc8 16. Bd3 Nd4 17. Qe4 f5 18.
gxf5 Nxf5 19. Kb1 g6 20. f4 Bf6 21. Rhg1 Bg7 22. h4 Nxh4 23. Rh1 Nf5 24. Rdg1 exf4 25. Qe6+ Rf7 26. Rxh7 Qe8 27. Bxf5 gxf5 28. Nf6+ Kf8 29. Rh8+ Bxh8 30. Rg8# 1-0

[Event "*** SCC Grand Prix: Titled Tuesday Blitz"]
[Site "Chess.com"]
[Date "2020.07.21"]
[Round "10"]
[White "monalize"]
[Black "kallerotmg"]
[Result "1-0"]
[WhiteElo "2272"]
[BlackElo "2148"]
[TimeControl "180+1"]
[EndTime "11:58:51 PDT"]
[Termination "monalize won by resignation"]

1. e4 c6 2. d4 d5 3. Nc3 g6 4. h3 Bg7 5. Nf3 Nf6 6. e5 Ne4 7.
Nxe4 dxe4 8. Ng5 c5 9. dxc5 Qxd1+ 10. Kxd1 Bf5 11. g4 Bd7 12. Nxe4 Bc6 13. f3 Bxe4 14. fxe4 Bxe5 15. c3 Nd7 16. Be3 O-O-O 17. Kc2 Nf6 18.
Bg2 h5 19. g5 Nd7 20. Rhf1 f6 21. gxf6 exf6 22. Rad1 Kc7 23. b4 Nf8 24. Rxd8 Kxd8 25. c6 b6 26. a4 Ne6 27. Kb3 Kc7 28. b5 Rd8 29. Kc2 g5 30. Bf3 h4 31. Rd1 Rxd1 32. Bxd1 Nc5 33. Bxc5 bxc5 34. Kd3 a6 35. Kc4 axb5+ 36.
axb5 Bd6 37. Kd5 Be5 38. Kxc5 Bxc3 39. b6+ Kc8 40. Bg4+ 1-0

[Event "*** SCC Grand Prix: Titled Tuesday Blitz"]
[Site "Chess.com"]
[Date "2020.07.21"]
[Round "10"]
[White "awesomevishesh"]
[Black "Kavyev_Ruslan"]
[Result "0-1"]
[WhiteElo "2340"]
[BlackElo "2432"]
[TimeControl "180+1"]
[EndTime "11:58:52 PDT"]
[Termination "Kavyev_Ruslan won on time"]

1. e4 c5 2. Nf3 d6 3. Bb5+ Nd7 4.
O-O a6 5. Bd3 Ngf6 6. Re1 b5 7. c4 b4 8. a3 Bb7 9. axb4 cxb4 10.
Bc2 e5 11. d4 Be7 12. b3 O-O 13. Nbd2 a5 14. Bb2 Qc7 15. Nf1 Rfe8 16. N3d2 Bf8 17. Ne3 exd4 18. Nf5 Nc5 19. Bxd4 Qd8 20. Qf3 Ncd7 21. Qf4 Ne5 22. h3 g6 23. Nh6+ Kg7 24.
Re3 Qc7 25. Rg3 Nh5 26. Nf5+ Kh8 27. Qg5 f6 28. Qg4 Nxg3 0-1

[Event "*** SCC Grand Prix: Titled Tuesday Blitz"]
[Site "Chess.com"]
[Date "2020.07.21"]
[Round "10"]
[White "Jaka_Brilej"]
[Black "iaraldinho"]
[Result "1-0"]
[WhiteElo "2378"]
[BlackElo "2508"]
[TimeControl "180+1"]
[EndTime "11:58:53 PDT"]
[Termination "Jaka_Brilej won by resignation"]

1. e4 c5 2. Nf3 a6 3. d4 cxd4 4. Nxd4 Nf6 5. Nc3 e5 6. Nb3 Nc6 7. Be3 Be7 8. Qd2 O-O 9. f3 d6 10. O-O-O Be6 11. g4 Rc8 12. g5 Nh5 13. Rg1 Nf4 14.
h4 Nb4 15. Kb1 d5 16. Bxf4 exf4 17. exd5 Bf5 18. Nd4 Qb6 19. Nxf5 Bc5 20. Rg2 Qg6 21. Bd3 Nxd3 22. Qxd3 b5 23. Nd4 Qh5 24. Ne4 Bxd4 25.
Qxd4 Qxh4 26. d6 Qh3 27. d7 Rcd8 28. Rf2 Qe6 29. Rfd2 Qh3 30. Qf2 Qf5 31. Nc5 Qxg5 32. Nb7 Rb8 33. d8=Q Rbxd8 34. Rxd8 g6 35. Qc5 Rxd8 36.
Rxd8+ Kg7 37. Qxg5 1-0

[Event "*** SCC Grand Prix: Titled Tuesday Blitz"]
[Site "Chess.com"]
[Date "2020.07.21"]
[Round "10"]
[White "WeAintSurePal"]
[Black "Supernotar"]
[Result "0-1"]
[WhiteElo "2321"]
[BlackElo "2709"]
[TimeControl "180+1"]
[EndTime "11:58:54 PDT"]
[Termination "Supernotar won by resignation"]

1. d4 d5 2. Bf4 Nf6 3. e3 e6 4. Nf3 Bd6 5. c3 c5 6. Nbd2 Qc7 7.
dxc5 Qxc5 8. Ne5 Nbd7 9. Ndf3 Qc7 10. Bb5 O-O 11. Nxd7 Bxd7 12. Bxd7 Qxd7 13. O-O Rac8 14. Re1 Ne4 15. Bxd6 Qxd6 16. Nd2 Nc5 17. e4 Nd3 18.
Re3 Nxb2 19. Qg4 Nc4 20. Rg3 g6 21. Nf3 Rfd8 22. Ng5 dxe4 23. Nxe4 Qe5 24. Rh3 Kg7 25.
Re1 f5 26. Qh4 Qxe4 27. Qe7+ Kg8 28. Qxh7+ Kf8 29. Qh8+ Ke7 30. Rh7+ Kd6 31. Rd1+ Kc6 0-1

[Event "*** SCC Grand Prix: Titled Tuesday Blitz"]
[Site "Chess.com"]
[Date "2020.07.21"]
[Round "10"]
[White "vladgoncharov"]
[Black "Joseacorrea"]
[Result "1-0"]
[WhiteElo "2380"]
[BlackElo "2010"]
[TimeControl "180+1"]
[EndTime "11:58:56 PDT"]
[Termination "vladgoncharov won on time"]

1. d4 e6 2. c4 d5 3. Nf3 f5 4. g3 c6 5. Bg2 Bd6 6. O-O Nf6 7. b3 Qe7 8. Bb2 O-O 9. Qc1 b6 10.
Ba3 c5 11. dxc5 bxc5 12. cxd5 exd5 13. Nc3 a6 14. Rd1 Bb7 15. e3 Nbd7 16. Ne1 Nb6 17. Nd3 Ne4 18. Rb1 Rae8 19. Ne2 Nd7 20. Ndf4 Nb6 21. Nc3 g5 22. Nfxd5 Nxd5 23. Nxd5 Qe5 24. Nb6 Nc3 25. Nc4 Ne2+ 26. Kf1 Bxg2+ 27. Kxe2 Qe4 28.
Nxd6 Qf3+ 29. Ke1 1-0